 Dungeon Crawl Stone Soup version 0.29.1-12-g30fa7ad0bf (webtiles) character file.

Game seed: 11898597441013675715

129575 LustLizard the Brawler (level 16, -8/165 HPs)
             Began as a Troll Fighter on Dec 22, 2022.
             Was the Champion of Wu Jian.
             Killed from afar by a spriggan druid (38 damage)
             ... with a stone arrow
             ... on level 4 of the Swamp.
             The game lasted 01:10:46 (22254 turns).

LustLizard the Brawler (Troll Fighter)             Turns: 22254, Time: 01:10:46

Health: -8/165     AC: 13    Str: 28    XL:     16   Next: 51%
Magic:  15/15      EV: 14    Int:  6    God:    Wu Jian [******]
Gold:   1721       SH: 22    Dex: 12    Spells: 7/15 levels left

rFire   . . .      SeeInvis .     - Unarmed
rCold   . . .      Faith    .   K - +5 tower shield of Nemelex Xobeh's Hope {rPois Will+++ Int-4 Dex+3}
rNeg    . . .      Spirit   .   H - +3 swamp dragon scales
rPois   +          Reflect  .   (helmet restricted)
rElec   .          Harm     .   o - +0 cloak
rCorr   .          Rampage  .   (gloves unavailable)
Will    ++++.                   (boots unavailable)
Stlth   +.........              G - amulet of regeneration
HPRegen 1.97/turn               j - ring of flight
MPRegen 0.14/turn               d - +4 ring of evasion

@: flying
A: large, unfitting armour, claws 3, regeneration 1, shaggy fur 1, tough skin 1
a: Renounce Religion, Wall Jump, Serpent's Lash, Heavenly Storm


You were on level 4 of the Swamp.
You worshipped Wu Jian.
Wu Jian was exalted by your worship.
You visited 5 branches of the dungeon, and saw 25 of its levels.
You also visited: Ossuary.

You collected 2099 gold pieces.
You spent 378 gold pieces at shops.

Inventory:

Missiles
 m - 32 poisoned darts
 x - 2 atropa-tipped darts
 D - 2 throwing nets (quivered)
Armour
 o - a +0 cloak (worn)
 H - +3 swamp dragon scales (worn)
 K - the +5 tower shield of Nemelex Xobeh's Hope (worn) {rPois Will+++ Int-4 Dex+3}
   (You acquired it on level 10 of the Dungeon)

   Int:       It affects your intelligence (-4).
   Dex:       It affects your dexterity (+3).
   rPois:     It protects you from poison.
   Will:      It greatly increases your willpower.
 X - a +0 robe of cold resistance
Jewellery
 a - a ring of see invisible
 d - a +4 ring of evasion (right claw)
 j - a ring of flight (left claw)
 q - a ring of protection from cold
 E - a ring of wizardry
 F - an amulet of faith
 G - an amulet of regeneration (around neck)
 L - a +6 ring of intelligence
 S - the ring "Kiant" {rElec rN+ Str-5 Int+6 Dex+4}
   (You found it on level 1 of the Lair of Beasts)

   [ring of intelligence]

   Str:       It affects your strength (-5).
   Int:       It affects your intelligence (+6).
   Dex:       It affects your dexterity (+4).
   rElec:     It insulates you from electricity.
   rN:        It protects you from negative energy.
Wands
 n - a wand of digging (20)
 w - a wand of iceblast (9)
 C - a wand of quicksilver (2)
 I - a wand of flame (16)
 M - a wand of polymorph (22)
 Q - a wand of paralysis (30)
 R - a wand of mindburst (9)
Scrolls
 f - 10 scrolls of teleportation
 h - 4 scrolls of butterflies
 i - 2 scrolls of magic mapping
 k - a scroll of brand weapon
 l - a scroll of blinking
 r - 3 scrolls of poison
 y - 4 scrolls of amnesia
 B - a scroll of noise
 N - 4 scrolls of silence
 U - 4 scrolls of identify
 V - a scroll of immolation
Potions
 c - 5 potions of might
 g - 12 potions of curing
 v - 5 potions of mutation
 z - 4 potions of brilliance
 A - 11 potions of attraction
 J - 3 potions of cancellation
 P - 2 potions of invisibility
 W - 2 potions of berserk rage
 Y - a potion of flight
 Z - 3 potions of haste
Miscellaneous
 t - a box of beasts
 T - a lightning rod (4/4)


   Skills:
 + Level 12.1 Fighting
 - Level 9.9 Dodging
 - Level 13.3 Shields
 * Level 19.3 Unarmed Combat
 - Level 4.0 Transmutations


You had 7 spell levels left.
You knew the following spells:

 Your Spells              Type           Power      Damage    Failure   Level
a - Wereblood             Tmut           4%         N/A       56%         2
b - Statue Form           Tmut/Erth      1%         N/A       100%        6

Your spell library contained the following spells:

 Spells                   Type           Power      Damage    Failure   Level
 Beastly Appendage        Tmut           8%         N/A       41%         1
 Necrotise                Necr           0%         1d4       93%         1
 Shock                    Conj/Air       0%         1d3       93%         1
 Slow                     Hex            0%         N/A       93%         1
 Summon Small Mammal      Summ           0%         N/A       93%         1
 Spider Form              Tmut/Pois      2%         N/A       97%         3
 Ignite Poison            Fire/Tmut/Pois 1%         N/A       99%         3
 Call Canine Familiar     Summ           0%         N/A       100%        3
 Confusing Touch          Hex            0%         N/A       100%        3
 Dazzling Flash           Conj/Hex       0%         N/A       100%        3
 Ozocubu's Armour         Ice            0%         N/A       100%        3
 Summon Guardian Golem    Hex/Summ       0%         N/A       100%        3
 Swiftness                Air            0%         N/A       100%        3
 Vampiric Draining        Necr           0%         2d6       100%        3
 Airstrike                Air            0%         2d(0-16)  100%        4
 Animate Armour           Summ/Erth      0%         N/A       100%        4
 Petrify                  Tmut/Erth      2%         N/A       100%        4
 Summon Lightning Spire   Summ/Air       0%         N/A       100%        4
 Agony                    Necr           0%         N/A       100%        5
 Blade Hands              Tmut           2%         N/A       100%        5
 Lightning Bolt           Conj/Air       0%         1d11      100%        5
 Metabolic Englaciation   Hex/Ice        0%         N/A       100%        5
 Silence                  Hex/Air        0%         N/A       100%        5
 Summon Forest            Summ/Tloc      0%         N/A       100%        5
 Summon Mana Viper        Hex/Summ       0%         N/A       100%        5
 Conjure Ball Lightning   Conj/Air       0%         3x3d6     100%        6
 Iron Shot                Conj/Erth      0%         9d1       100%        6
 Simulacrum               Ice/Necr       0%         N/A       100%        6
 Summon Cactus Giant      Summ           0%         N/A       100%        6
 Orb of Destruction       Conj           0%         9d5       100%        7
 Ozocubu's Refrigeration  Ice            0%         4d7       100%        7
 Spellforged Servitor     Conj/Summ      0%         N/A       100%        7
 Borgnjor's Revivificati  Necr           0%         N/A       100%        8
 Discord                  Hex            0%         N/A       100%        8
 Disjunction              Tloc           0%         N/A       100%        8
 Necromutation            Tmut/Necr      1%         N/A       100%        8
 Death's Door             Necr           0%         N/A       100%        9


Dungeon Overview and Level Annotations

Branches:
Dungeon (13/15)            Temple (1/1) D:5            Lair (5/5) D:8
  Swamp (4/4) Lair:2       Spider (0/4) Lair:2        Slime (0/5) Lair:5
    Orc (2/2) D:12            Elf (0/3) Orc:2       Ossuary (visited)
 Vaults: D:13-14

Altars:
Ashenzari
Cheibriados
Dithmenos
Fedhas
Gozag
Hepliaklqana
Kikubaaqudgha
Makhleb
Nemelex Xobeh
Okawaru
Qazlal
Sif Muna
Trog
Uskayaw
Vehumet
Wu Jian
Xom
Yredelemnul
Zin

Shops:
D:3 ?   Orc:1 (   Orc:2 ((!(

Portals:
Trove: D:11 (show abyssal rune of Zot)

Annotations:
D:1 1 transporter
D:9 exclusion: door
D:11 2 transporters, mandoloar's ghost, journeyman DECj
D:13 Josephine
Lair:1 2 transporters


Innate Abilities, Weirdness & Mutations

You are too large for most types of armour.
You have claws for hands.
Your natural rate of healing is unusually fast.
You are covered in fur. (AC +1)
You have tough skin. (AC +1)


Message History

You claw the foxfire!
The foxfire is lightly damaged.
The foxfire hits you! The foxfire hits you!! The foxfire hits you!
A spriggan druid comes into view. It is wielding a +0 quarterstaff.
You lunge at the will-o-the-wisp, in a flurry of attacks.
You barely miss the will-o-the-wisp. You claw the will-o-the-wisp!
The will-o-the-wisp is moderately damaged.
The spriggan druid shouts!
You hear a shout!
The will-o-the-wisp engulfs you!
You barely miss the will-o-the-wisp.
The will-o-the-wisp is moderately damaged.
The will-o-the-wisp gestures.
The will-o-the-wisp conjures some foxfire! 2 foxfires come into view.
You mangle the will-o-the-wisp!!
The will-o-the-wisp is severely damaged.
The foxfire hits you. The foxfire hits you!
An eleionoma comes into view.
The will-o-the-wisp gestures.
The will-o-the-wisp conjures some foxfire! 2 foxfires come into view.
You claw the will-o-the-wisp!
The will-o-the-wisp is almost destroyed.
The foxfire hits you!!
* * * LOW HITPOINT WARNING * * *
The foxfire hits you!
* * * LOW HITPOINT WARNING * * *
The will-o-the-wisp closely misses you.
You claw the will-o-the-wisp!
You destroy the will-o-the-wisp!
The Council accepts your kill.
Okay, then.
Okay, then.
Blink to where?
Press: ? - help, Dir - move target
As you read the scroll of blinking, it crumbles to dust.
The spriggan druid points at you and mumbles some strange words.
The stone arrow hits you!!!
You die...

~~~♣.§~~~..~♣♣♣♣...~.~~
~~♣♣.~§~)~~~~§~♣...~~.~
~♣♣♣~.~~~~§~~~~~~~..~♣
~♣♣♣♣♣.~~~~~~~~~~~~~~♣
~~~)♣.~~~~~~~~~~~.~~~♣
♣~~~..~.~~
~~~~.♣~~.~~..~~~~...♣
...~...~.
.~~.♣♣~..~..♣~~..§.~♣
..~~..~.
~~♣♣♣♣♣~~♣♣~♣♣~.~~§~♣♣
..~~§..~ ♣♣♣
♣♣~~~§♣♣♣.@~~~.♣ ♣♣~~.~♣..
♣
♣.~~~.♣♣♣.~~~.♣♣♣♣~.~~§...
♣.~~§.♣ ♣♣...~♣♣..~~♣♣~.§~
♣♣..~♣♣ ♣~..i♣....~i.§§i~
♣♣♣♣♣ ♣♣....♣~.....~§..
♣♣♣...♣..~~.?.~.
♣§......~..~.~
♣♣.~..♣†♣$.~~.
♣♣..~.♣♣♣....


You could see a spriggan druid.

Vanquished Creatures
  Jorgrun (D:13)
  Mlioglotl (Swamp:1)
  2 fenstrider witches
  A stone giant (Orc:2)
  4 eleionomae
  4 bunyips
  2 fire dragons (Swamp:4)
  Erolcha (D:11)
  A catoblepas (D:13)
  3 boulder beetles
  2 ghost crabs (Swamp:2)
  2 ogre magi (Orc:2)
  12 hydras
  4 alligators
  A centaur warrior (D:13)
  11 two-headed ogres
  Erica (Orc:2)
  The ghost of croobank the Conjurer, a novice DsCj of Gozag (D:8)
  Urug (Lair:3)
  5 goliath frogs
  4 spriggan druids
  6 swamp dragons
  2 deep trolls (Orc:2)
  A death drake (Swamp:3)
  5 bog bodies
  Pikel (D:9)
  4 orc knights
  An orc sorcerer (Orc:2)
  A deep elf pyromancer (D:12)
  A necromancer (Swamp:1)
  The ghost of warriortoast the Conjurer, a novice DrCj of Hepliaklqana (D:5)
  7 cyclopes
  A faun (Lair:5)
  An oklob plant (Lair:2)
  An ugly thing (D:13)
  2 manticores
  9 will-o-the-wisps
  Maurice (D:12)
  6 black mambas
  6 gargoyles
  14 elephants
  7 cane toads
  Maggie (D:8)
  A kobold demonologist (D:10)
  A rime drake (Lair:4)
  5 komodo dragons
  9 trolls
  A hydra zombie (Swamp:1)
  Prince Ribbit (D:5)
  A meliai (shapeshifter) (D:13)
  6 tyrant leeches
  3 slime creatures (D:11)
  6 polar bears
  12 hornets
  12 blink frogs
  2 alligator zombies (Swamp:1)
  17 dream sheep
  25 spriggans
  2 shadows (D:11)
  39 yaks
  A culicivora (Lair:2)
  6 wyverns
  2 wraiths (D:11)
  A vampire (D:13)
  2 basilisks
  2 steam dragons (D:8)
  Grum (D:8)
  9 vampire mosquitoes
  17 swamp worms
  3 wargs
  An acid dragon (D:10)
  11 water moccasins
  An ice beast (D:5)
  2 swamp drakes (Swamp:4)
  2 sky beasts (D:8)
  25 orc warriors
  23 ogres
  6 black bears
  3 boggarts (Lair:5)
  58 wolves
  12 centaurs
  2 lemures (D:9)
  14 bullfrogs
  A gnoll sergeant (D:7)
  3 kobold brigands
  2 scorpions
  6 necrophages
  7 wights
  11 killer bees (D:9)
  5 howler monkeys
  A jelly (D:4)
  4 gnoll boudas
  19 orc priests
  8 hounds
  4 iguanas
  An iron imp (D:7)
  27 orc wizards
  A mummy (Ossuary)
  20 gnolls
  7 adders
  A shadow imp (D:5)
  3 white imps (D:6)
  An ufetubus (D:7)
  4 worms
  A dart slug (D:2)
  107 orcs
  3 spectral bats (Ossuary)
  4 ball pythons
  8 endoplasms
  4 giant cockroaches
  12 gnoll zombies (Ossuary)
  9 goblins
  8 hobgoblins
  A quokka (D:2)
  3 bats (D:2)
  2 bat simulacra (Ossuary)
  A frilled lizard (D:2)
  3 goblin simulacra (Ossuary)
  8 goblin zombies (Ossuary)
  2 hobgoblin zombies (Ossuary)
  15 kobolds
  4 kobold simulacra (Ossuary)
  4 kobold zombies (Ossuary)
  4 orc zombies (Ossuary)
  8 rats
  2 rat simulacra (Ossuary)
  2 spectral goblins (Ossuary)
  5 spectral kobolds (Ossuary)
  2 spectral rats (Ossuary)
848 creatures vanquished.

Vanquished Creatures (collateral kills)
  A hydra (D:11)
  A wight (D:8)
2 creatures vanquished.

Vanquished Creatures (others)
  A bloated husk (Swamp:2)
  A steam dragon (Swamp:4)
  A vampire mosquito (D:13)
  3 swamp drakes (Swamp:4)
  An orc (D:8)
  42 foxfires
  30 fungi
  73 plants
152 creatures vanquished.

Grand Total: 1002 creatures vanquished

Notes
Turn   | Place    | Note
-------+----------+-------------------------------------------
     0 | D:1      | LustLizard the Troll Fighter began the quest for the Orb.
     0 | D:1      | Reached XP level 1. HP: 22/22 MP: 0/0
   346 | D:1      | Reached XP level 2. HP: 28/29 MP: 1/1
   849 | D:2      | Found a faded altar of an unknown god.
  1012 | D:2      | Reached XP level 3. HP: 36/36 MP: 2/2
  1054 | D:2      | Reached skill level 3 in Unarmed Combat
  1950 | D:3      | Reached XP level 4. HP: 39/44 MP: 3/3
  2222 | D:3      | Found Cantimoj's Magic Scroll Shop.
  2232 | D:3      | Bought a scroll of blinking for 105 gold pieces
  2530 | D:4      | Reached skill level 4 in Unarmed Combat
  2530 | D:4      | Reached XP level 5. HP: 53/53 MP: 4/4
  2544 | D:4      | Found a bloodstained altar of Trog.
  2693 | D:4      | Found a sparkling altar of Nemelex Xobeh.
  2771 | D:4      | Found a snail-covered altar of Cheibriados.
  2805 | D:4      | Noticed a black bear
  2814 | D:4      | Killed a black bear
  2815 | D:4      | Reached XP level 6. HP: 61/61 MP: 5/5
  2858 | D:4      | Reached skill level 5 in Unarmed Combat
  2993 | D:4      | Found a blossoming altar of Fedhas.
  3119 | D:4      | Found a shimmering blue altar of Sif Muna.
  3152 | D:5      | Entered Level 5 of the Dungeon
  3170 | D:5      | Reached XP level 7. HP: 68/68 MP: 6/6
  3216 | D:5      | Found a staircase to the Ecumenical Temple.
  3230 | Temple   | Entered the Ecumenical Temple
  3315 | Temple   | Became a worshipper of the Wu Jian Council
  3492 | D:5      | Reached skill level 6 in Unarmed Combat
  3512 | D:5      | Noticed Prince Ribbit
  3516 | D:5      | Found a hazy altar of Hepliaklqana.
  3534 | D:5      | Killed Prince Ribbit
  3649 | D:5      | Found a runed translucent gate.
  3650 | D:5      | Found a runed translucent gate.
  3650 | D:5      | Noticed warriortoast's ghost (novice DrCj)
  3651 | D:5      | Found a runed translucent gate.
  3707 | D:5      | Reached skill level 5 in Shields
  3707 | D:5      | Reached XP level 8. HP: 77/79 MP: 7/7
  3794 | D:5      | Reached skill level 7 in Unarmed Combat
  3977 | D:5      | Found a glowing silver altar of Zin.
  4426 | D:6      | Reached skill level 5 in Fighting
  4501 | D:6      | Reached skill level 8 in Unarmed Combat
  4533 | D:6      | Reached * piety under Wu Jian
  4865 | D:6      | Learned a level 2 spell: Wereblood
  4872 | D:6      | Reached XP level 9. HP: 88/88 MP: 8/8
  5165 | D:7      | Found a burning altar of Makhleb.
  5169 | D:7      | Reached skill level 1 in Transmutations
  5621 | D:7      | Reached skill level 9 in Unarmed Combat
  5621 | D:7      | Reached ** piety under Wu Jian
  6029 | D:8      | Noticed Maggie
  6032 | D:8      | Noticed Grum
  6051 | D:8      | Found a staircase to the Lair.
  6210 | D:8      | Killed Grum
  6211 | D:8      | Reached XP level 10. HP: 71/98 MP: 9/9
  6219 | D:8      | Found a sand-covered staircase.
  6247 | D:8      | Killed Maggie
  6265 | Ossuary  | Entered an ossuary
  6570 | Ossuary  | Reached *** piety under Wu Jian
  6836 | D:8      | Found an iron altar of Okawaru.
  6839 | D:8      | Found a runed translucent door.
  6842 | D:8      | Noticed croobank's ghost (novice DsCj)
  7323 | D:9      | Noticed a two-headed ogre
  7333 | D:9      | Killed a two-headed ogre
  7334 | D:9      | Reached skill level 10 in Unarmed Combat
  7409 | D:9      | Reached **** piety under Wu Jian
  7733 | D:9      | Noticed Pikel
  7752 | D:9      | Killed Pikel
  7836 | D:9      | Noticed a five-headed hydra
  8054 | D:9      | Reached skill level 11 in Unarmed Combat
  8104 | D:10     | Entered Level 10 of the Dungeon
  8109 | D:10     | Reached ***** piety under Wu Jian
  8279 | D:10     | Noticed a gargoyle
  8284 | D:10     | Killed a gargoyle
  8285 | D:10     | Reached XP level 11. HP: 96/107 MP: 10/10
  8429 | D:10     | Identified the +9 dagger of the Jumping Puffin {flame,
                  | Int+2 Dex+4}
  8748 | D:10     | Identified a scroll of acquirement
  8791 | D:10     | Acquired the +5 tower shield of Nemelex Xobeh's Hope {rPois
                  | Will+++ Int-4 Dex+3}
  8794 | D:11     | Noticed an eight-headed hydra
  8847 | D:11     | Reached skill level 5 in Dodging
  8923 | D:11     | Noticed Erolcha
  8930 | D:11     | Killed Erolcha
  8952 | D:11     | Found a portal to a secret trove of treasure.
  8964 | D:11     | Noticed a two-headed ogre
  9005 | D:11     | Noticed a boulder beetle
  9005 | D:11     | Noticed mandoloar's ghost (journeyman DECj)
  9006 | D:11     | Found a transporter.
  9007 | D:11     | Noticed a fire dragon
  9011 | D:11     | Found a transporter.
  9115 | D:11     | Reached skill level 12 in Unarmed Combat
  9364 | Lair:1   | Entered Level 1 of the Lair of Beasts
  9556 | Lair:1   | Identified the ring "Kiant" {rElec rN+ Str-5 Int+6 Dex+4}
  9595 | Lair:1   | Reached XP level 12. HP: 119/119 MP: 11/11
  9664 | Lair:1   | Found a snail-covered altar of Cheibriados.
  9688 | Lair:1   | Reached skill level 10 in Shields
  9932 | Lair:1   | Found a transporter.
  9975 | Lair:1   | Found a transporter.
 10139 | Lair:2   | Noticed a four-headed hydra
 10299 | Lair:2   | Reached XP level 13. HP: 110/127 MP: 12/12
 10395 | Lair:2   | Found an ornate altar of the Wu Jian Council.
 10409 | Lair:2   | Reached skill level 13 in Unarmed Combat
 10761 | Lair:2   | Found a hole to the Spider Nest.
 11320 | Lair:2   | Found a staircase to the Swamp.
 11591 | Lair:3   | Noticed Urug
 11606 | Lair:3   | Reached ****** piety under Wu Jian
 11613 | Lair:3   | Killed Urug
 12205 | Lair:3   | Found a burning altar of Makhleb.
 12535 | Lair:3   | Reached skill level 14 in Unarmed Combat
 13464 | Lair:5   | Entered Level 5 of the Lair of Beasts
 13680 | Lair:5   | Reached XP level 14. HP: 105/140 MP: 13/13
 13913 | Lair:5   | Reached skill level 15 in Unarmed Combat
 14056 | Lair:5   | Found a staircase to the Slime Pits.
 15137 | D:5      | Killed warriortoast's ghost
 15227 | D:8      | Killed croobank's ghost
 15506 | D:12     | Found a staircase to the Orcish Mines.
 15864 | D:12     | Noticed Maurice
 15875 | D:12     | Killed Maurice
 16531 | D:13     | Reached skill level 10 in Fighting
 16593 | D:13     | Reached skill level 16 in Unarmed Combat
 16635 | D:13     | Noticed Jorgrun
 16650 | D:13     | Killed Jorgrun
 16970 | D:13     | Identified the +1 arbalest of Circular Logic {elec, rPois
                  | rF++ Str+3 Stlth+}
 16980 | D:13     | Noticed Josephine
 16982 | D:13     | Reached XP level 15. HP: 96/149 MP: 14/14
 17109 | Orc:1    | Entered Level 1 of the Orcish Mines
 17212 | Orc:1    | Found Posucri's Antique Weapon Shop.
 17349 | Orc:2    | Entered Level 2 of the Orcish Mines
 17569 | Orc:2    | Found a staircase to the Elven Halls.
 17993 | Orc:2    | Found Osuu's Antique Weapon Shop.
 17993 | Orc:2    | Found Adeamnoack's Distillery.
 17993 | Orc:2    | Found Olloz's Antique Weapon Shoppe.
 17993 | Orc:2    | Found Sorrosia's Weapon Emporium.
 18015 | Orc:2    | Reached skill level 17 in Unarmed Combat
 18155 | Orc:2    | Bought a potion of lignification for 39 gold pieces
 18155 | Orc:2    | Bought a potion of haste for 130 gold pieces
 18155 | Orc:2    | Bought a potion of mutation for 104 gold pieces
 18194 | Orc:1    | Noticed Erica
 18204 | Orc:2    | Killed Erica
 18713 | Swamp:1  | Entered Level 1 of the Swamp
 18764 | Swamp:1  | Noticed a fenstrider witch
 18775 | Swamp:1  | Killed a fenstrider witch
 19228 | Swamp:1  | Noticed Mlioglotl
 19242 | Swamp:1  | Killed Mlioglotl
 19452 | Swamp:1  | Got the Handbook of Stormy Sculpting
 19765 | Swamp:2  | Reached skill level 18 in Unarmed Combat
 20136 | Swamp:2  | Reached XP level 16. HP: 133/162 MP: 15/15
 20323 | Swamp:2  | Learned a level 6 spell: Statue Form
 21793 | Swamp:4  | Entered Level 4 of the Swamp
 21833 | Swamp:4  | Reached skill level 19 in Unarmed Combat
 22254 | Swamp:4  | Killed from afar by a spriggan druid

Illustrated notes

Levels and vault maps discovered:
D:1:      spicycebolla_arrival_risky_transporter, layout_basic
D:2:      mumra_celtic_spiral_tile, layout_basic, serial_corexii_hall,
          corexii_hall_statues_t, corexii_hall_statues_s,
          corexii_hall_statues_u, corexii_hall_statues_i,
          chequers_hall_statues_wall_a, chequers_hall_statues_corner_a,
          shapermc_ecumenical_altar_acropolis
D:3:      layout_basic, serial_shops, nicolae_shop_trees, minmay_checkerbox
D:4:      layout_cave_pools, lemuel_doored_altar,
          mainiacjoe_overflow_surrounded_room, amcnicky_altar_gilded,
          mainiacjoe_overflow_catwalk_spiral
D:5:      layout_basic, mainiacjoe_overflow_boulevard, zin_statuary,
          minmay_temple_entry_wispy, biasface_ghost_orc_armoury,
          uniq_prince_ribbit1
D:6:      layout_rooms
D:7:      layout_basic, makhleb_grotto_becter
D:8:      layout_basic, lemuel_crystal_altar, dpeg_oklobed_lair,
          hellmonk_ghost_happy_afterlife, enter_ossuary_2,
          corexii_leaking_fountain, uniq_maggie, uniq_grum
D:9:      layout_roguey, special_room [special_room_orc], grunt_ministairs_15,
          uniq_pikel
D:10:     layout_roguey, minmay_misc_feat_tiny, billiards_dpeg
D:11:     layout_rooms, enter_trove_2, gammafunk_ghost_arena, st_stairs_5,
          hangedman_decor_riveting, uniq_erolcha
D:12:     layout_basic, orc_0_dummy, uniq_maurice
D:13:     minmay_the_grid_octo_tiled_octocenter_mashed
          [minmay_the_grid_octo_chip, minmay_the_grid_octo_checkered,
          minmay_the_grid_octo_shrine, minmay_the_grid_octo_clover_2,
          minmay_the_grid_octo_prize_square_snowflake,
          minmay_the_grid_square_5x5_bracketed,
          minmay_the_grid_square_5x5_one_wall, minmay_the_grid_square_5x5_inset,
          minmay_the_grid_square_5x5_shrine2], layout_basic, erik_vaults_2,
          gammafunk_ghost_ooze, elyvilon_altar_1, uniq_jorgrun, uniq_josephine
Temple:   oiseaux_autumnal_temple
Lair:1:   gammafunk_worm_tunnel, layout_chaotic_city, basic_altar
Lair:2:   layout_long_grid, palyth_hydra_swamp_entry, spider_nest_entry_rubble,
          lemuel_oklob_altar, infiniplex_staircase_pool
Lair:3:   layout_regular_city, serial_rivers, chequers_serial_rivers_large_a,
          chequers_serial_rivers_large_b, chequers_serial_rivers_marsh,
          chequers_serial_rivers_small_3, chequers_serial_rivers_marsh,
          lemuel_centaur_altar, uniq_urug
Lair:4:   layout_cave_pods, infiniplex_staircase_pool_2, grunt_megastairs_2,
          serial_bayou_shore_a, lemuel_fruit_tree
Lair:5:   minmay_lair_end_enchanted_forest, layout_misc_corridors,
          slime_entry_1, serial_forest, infiniplex_forest_straight_4,
          infiniplex_forest_zigzag_2, infiniplex_forest_pool,
          infiniplex_forest_lined_3, infiniplex_forest_clump_medium,
          grunt_forest_large_clearings
Swamp:1:  layout_basic_swamp, hangedman_swamp_diagram, swamp_pool1,
          nicolae_swamp_necromancer_hut, uniq_mlioglotl
Swamp:2:  layout_basic_swamp, nicolae_swamp_tree_isthmus
Swamp:3:  layout_basic_swamp, evilmike_swamp_ruin_house_2
Swamp:4:  swamp_fiery, layout_basic_swamp, nicolae_swamp_bean_lake
Orc:1:    layout_caves, serial_shops, shop, uniq_erica
Orc:2:    st_orc_open, layout_diamond_mine

Skill      XL: |  1  2  3  4  5  6  7  8  9 10 11 12 13 14 15 16 |
---------------+-------------------------------------------------+-----
Shields        | 3 4 5 6 7 9 10 11 12 13 | 13.3
Unarmed Combat | 3 4 5 6 8 9 11 12 14 16 18 19 | 19.3
Fighting       | 3 4 5 6 7 9 10 11 12 | 12.1
Transmutations | 3 4 |  4.0
Dodging        | 3 4 7 9 |  9.9

Action                   |  1- 3 |  4- 6 |  7- 9 | 10-12 | 13-15 | 16-18 || total
-------------------------+-------+-------+-------+-------+-------+-------++-------
Melee: Unarmed           |   118 |   110 |   329 |   649 |  1508 |   264 ||  2978
Throw: Dart              |       |    20 |    21 |     5 |    14 |       ||    60
       Throwing net      |       |       |       |     1 |       |     2 ||     3
 Cast: Wereblood         |       |       |       |     7 |    19 |       ||    26
Invok: Lunge             |       |       |    24 |    40 |    82 |    13 ||   159
       Whirlwind         |       |       |     7 |    55 |   151 |     8 ||   221
       Heavenly Storm    |       |       |       |       |     1 |       ||     1
Evoke: Box of beasts     |       |       |       |     1 |     1 |       ||     2
       Wand              |       |       |       |       |     4 |       ||     4
  Use: Scroll            |     2 |     3 |     5 |    13 |    13 |     7 ||    43
       Potion            |       |       |     2 |     1 |    12 |     8 ||    23
 Stab: Sleeping          |       |       |     2 |       |       |       ||     2
       Petrifying        |       |       |       |       |     1 |       ||     1
       Petrified         |       |       |       |       |     1 |       ||     1
       Invisible         |       |       |       |       |     1 |       ||     1
       Fleeing           |       |       |       |       |       |     1 ||     1
Armor: Robe              |    36 |    37 |    42 |       |       |       ||   115
       Skin              |       |       |     1 |       |   101 |   133 ||   235
       Swamp dragon scal |       |       |       |   126 |   274 |    31 ||   431
       Steam dragon scal |       |       |       |     1 |       |       ||     1
Dodge: Dodged            |    22 |    30 |   112 |   189 |   607 |    62 ||  1022
Block: Kite shield       |    37 |    24 |    96 |   145 |       |       ||   302
       Tower shield      |       |       |       |   163 |  1699 |   289 ||  2151
